 Dungeon Crawl Stone Soup version 0.27-a0-277-g024f7ef292 (webtiles) character file.

Game seed: 1989313242929170623

42 skwiii the Stinger (level 3, -2/24 HPs)
             Began as a Merfolk Venom Mage on Feb 6, 2021.
             Killed from afar by an orc wizard (4 damage)
             ... with a magic dart
             ... on level 2 of the Dungeon.
             The game lasted 00:08:45 (1927 turns).

skwiii the Stinger (Merfolk Venom Mage)             Turns: 1927, Time: 00:08:45

Health: -2/24      AC:  3    Str:  8    XL:     3   Next: 54%
Magic:  0/7        EV: 13    Int: 15    God:
Gold:   169        SH:  0    Dex: 14    Spells: 1/7 levels left

rFire    . . .     SeeInvis .   (no weapon)
rCold    . . .     Faith    .   (no shield)
rNeg     . . .     Spirit   .   a - +0 robe
rPois    .         Reflect  .   (no helmet)
rElec    .         Harm     .   i - +0 cloak
rCorr    .         Rampage  .   (no gloves)
Will     .....                  (no boots)
Stlth    ++........             (no amulet)
HPRegen  0.08/turn              (no ring)
MPRegen  0.10/turn              (no ring)

@: no status effects
A: change form in water, swift swim, stealthy swim
a: no special abilities


You were on level 2 of the Dungeon.
You visited 1 branch of the dungeon, and saw 2 of its levels.

You collected 169 gold pieces.

Inventory:

Hand Weapons
 l - a +1 vorpal hand axe
Armour
 a - a +0 robe (worn)
 f - a +0 robe
 i - a +0 cloak (worn)
Scrolls
 c - 2 scrolls of magic mapping
 e - a scroll of enchant armour {unknown}
 g - a scroll of fog {unknown}
 n - a scroll of remove curse {unknown}
Potions
 b - a potion of mutation {unknown}
 d - 2 potions of haste {unknown}
 h - a potion of attraction {unknown}
 j - a potion of degeneration {unknown}
 k - a potion of lignification {unknown}
 m - 2 potions of might {unknown}
 o - 2 potions of flight {unknown}


   Skills:
 - Level 2.9 Dodging
 - Level 2.2 Stealth
 + Level 2.6 Spellcasting
 - Level 1.7 Transmutations
 + Level 4.1 Poison Magic


You had one spell level left.
You knew the following spells:

 Your Spells              Type           Power        Failure   Level
a - Sting                 Tmut/Pois      40%          6%          1
b - Poisonous Vapours     Pois/Air       16%          14%         2
c - Ignite Poison         Fire/Tmut/Pois 7%           28%         3

Your spell library contained the following spells:

 Spells                   Type           Power        Failure   Level
 Mephitic Cloud           Conj/Pois/Air  6%           34%         3
 Olgreb's Toxic Radiance  Pois           14%          36%         4
 Confusing Touch          Hex            2%           52%         3
 Gell's Gravitas          Tloc           1%           52%         3
 Petrify                  Tmut/Erth      4%           82%         4
 Metabolic Englaciation   Hex/Ice        1%           99%         5
 Yara's Violent Unravell  Hex/Tmut       2%           99%         5


Dungeon Overview and Level Annotations

Branches:
Dungeon (2/15)

Altars:


Message History

You closely miss something. Something hits you.
You completely miss something. Something hits you.
You closely miss something. Something hits you!
Aiming: Sting (safe; 6% risk of failure)
Press: ? - help, Q - select action, (/) - cycle Shift-Dir - straight line, f - you That beam is likely to hit you.
Continue anyway?
Okay, then.
Aiming: Sting (safe; 6% risk of failure)
Press: ? - help, Q - select action, (/) - cycle Shift-Dir - straight line Something hits you.
Press: ? - help, v - describe, . - travel The floor.
You hear some strange, mumbled words.
A magic dart appears from out of thin air!
The magic dart hits you!
* * * LOW HITPOINT WARNING * * *
You hear some strange, mumbled words.
A magic dart appears from out of thin air!
The magic dart hits you.
You die...

####.# *,* ##.### ###...## *,
###.# *,####.# ##.## *, #...#
*,#....## #.# *, #.### *,#.....#
#># *, #.# *>###...# *#+#* *, #.#
####.....# **,,,** *, ##.#
#....#.#.# **,,,,,** *, #..#
#........# **,,,,,,<***,
...#########....@####,,,,,,,,,***
...............{....+,,,,,,,,,+,,
.....########....####,,,,,,,,,***
......# #.#.## **,,,,,,,** *
.....## #.### **,,,,,** ** #...##
#.# **,,,** *, ##.## #.#
#####**+** *, #### *#)#####..$#
*,* *, # #.#†...)...# *,******,


There were no monsters in sight!

Vanquished Creatures
  2 orcs (D:2)
  4 bats
  2 giant cockroaches
  7 goblins
  4 hobgoblins
  2 jackals (D:2)
  6 kobolds (D:1)
  A ball python (D:1)
  4 frilled lizards
  4 rats
36 creatures vanquished.

Notes
Turn   | Place    | Note
-------+----------+-------------------------------------------
     0 | D:1      | skwiii the Merfolk Venom Mage began the quest for the Orb.
     0 | D:1      | Reached XP level 1. HP: 13/13 MP: 3/3
   245 | D:1      | Reached XP level 2. HP: 15/19 MP: 0/5
   917 | D:1      | Reached XP level 3. HP: 24/24 MP: 4/6
   920 | D:1      | Reached skill level 4 in Poison Magic
  1726 | D:2      | Learned a level 2 spell: Poisonous Vapours
  1730 | D:2      | Learned a level 3 spell: Ignite Poison
  1927 | D:2      | Killed from afar by an orc wizard

Illustrated notes

Levels and vault maps discovered:
D:1:      scummos_arrival_gate, layout_loops_cross, kennysheep_pointless_box,
          st_stairs_9
D:2:      lemuel_upstairs_altar, layout_loops_corners, tgw_trog

Skill      XL: |  1  2  3 |
---------------+----------+-----
Poison Magic   | 4 |  4.1
Dodging        | |  2.9
Stealth        | |  2.2
Spellcasting   | |  2.6
Transmutations | |  1.7

Action                   || total
-------------------------++-------
Melee: Unarmed           ||     8
 Cast: Sting             ||    58
       Poisonous Vapours ||     2
  Use: Scroll            ||     2
Armor: Robe              ||     1
Dodge: Dodged            ||    21

Table legend: (Time is in decaauts)
 A = Elapsed time spent in this place.
 B = Non-inter-level travel time spent in this place.
 C = Inter-level travel time spent in this place.
 D = Time resting spent in this place.
 E = Time spent auto-exploring this place.
 F = Levels seen in this place.
 G = Mean time per level.
                   A        B        C        D        E       F      G
               +--------+--------+--------+--------+--------+-----+--------+
         Total |   1926 |   1873 |     53 |     27 |   1259 |   2 |  963.0 |
       Dungeon |   1926 |   1873 |     53 |     27 |   1259 |   2 |  963.0 |
               +--------+--------+--------+--------+--------+-----+--------+

Top non-repeatable levels by time:
     D:1: 1156 daAuts
     D:2: 770 daAuts
